Map: [ESL] Babylon

Players

PiG - Winner!

  • Race: Terran Terran
  • League: Master
  • Spawn Location: 11:00

Relm

  • Race: Zerg Zerg
  • League: Gold
  • Spawn Location: 5:00

VOD

https://www.youtube.com/playlist?list=PLOrKQEirgvjBrkg_LERyoNc_WYX2C2tgI

Description

Time

  • Played on: Aug. 15, 2023, 5:51 p.m.
  • Length: 14:01
Show
View Real Time Build Order
Export as new Build Order

PiG Terran - Winner!

Build Orders:  

Get SALT Encoding   

  12  0:01  SCV  
  13  0:13  SCV  
  14  0:20  Supply Depot  
  14  0:26  SCV  
  15  0:42  SCV  
  16  0:43  Barracks  
  16  0:46  Refinery  
  16  0:54  SCV  
  17  1:06  SCV  
  18  1:18  SCV  
  19  1:31  Orbital Command, Barracks Reactor  
  19  1:44  Command Center  
  19  1:59  SCV  
  20  2:01  Supply Depot  
  20  2:08  Marine x2  
  22  2:12  SCV  
  23  2:17  Factory  
  23  2:24  SCV  
  23  2:26  Refinery  
  23  2:29  Marine x2  
  26  2:36  SCV  
  27  2:47  Marine x2  
  27  2:48  SCV  
  30  2:55  Orbital Command  
  30  3:01  SCV  
  31  3:09  Marine x2  
  31  3:11  Factory Tech Lab  
  33  3:13  SCV  
  33  3:14  Starport  
  34  3:23  Bunker  
  34  3:25  SCV x2  
  36  3:30  Marine  
  36  3:32  Marine  
  38  3:37  Siege Tank, SCV x2  
  43  3:43  Supply Depot  
  43  3:52  SCV  
  43  3:53  Supply Depot, SCV  
  45  3:56  Marine  
  46  4:04  Viking, Marine  
  46  4:05  SCV x2  
  51  4:10  Supply Depot  
  51  4:25  SCV  
  51  4:26  SCV  
  53  4:37  SCV  
  53  4:38  SCV  
  55  4:41  Starport Reactor  
  55  4:46  Factory Reactor  
  55  4:47  Stimpack  
  55  4:48  Marine  
  55  4:50  SCV  
  57  4:58  SCV  
  58  5:02  SCV  
  58  5:05  Supply Depot x2  
  58  5:06  Marine  
  60  5:10  SCV  
  60  5:14  SCV  
  62  5:15  Barracks  
  62  5:20  Barracks x2  
  62  5:21  Barracks  
  60  5:38  Refinery  
  60  5:39  Starport Reactor, Refinery  
  60  5:40  Factory Tech Lab, Engineering Bay  
  60  5:42  SCV x2  
  62  5:46  Marine  
  63  5:51  Supply Depot  
  63  5:53  Supply Depot  
  63  5:54  SCV x2  
  65  6:02  Siege Tank  
  68  6:06  SCV  
  69  6:32  Barracks Tech Lab  
  69  6:54  Marauder  
  69  6:55  Marauder, Marine x4  
  69  6:56  Siege Tank  
  69  6:57  Medivac x2  
  84  7:01  Combat Shield, Supply Depot  
  84  7:03  Concussive Shells, Supply Depot  
  84  7:13  Terran Infantry Weapons Level 1  
  84  7:21  Marauder x2, Marine x4  
  84  7:22  Marine x2  
  94  7:27  Medivac, Supply Depot x2  
  94  7:28  Siege Tank  
  99  7:39  Marine x5  
  99  7:40  Medivac, Marine  
  99  7:42  Marauder x2  
  102  7:57  Marine x3  
  95  7:59  Missile Turret x2  
  95  8:00  Missile Turret, Siege Tank  
  95  8:01  Missile Turret  
  95  8:02  SCV x2  
  95  8:04  Marauder  
  102  8:11  Marine  
  102  8:12  Marauder, Marine x2  
  105  8:14  Marine, SCV x2  
  105  8:15  Medivac, Marine x2  
  114  8:25  Marauder, Supply Depot  
  116  8:29  Marine  
  116  8:30  Marine x2  
  116  8:32  Marine x2, Siege Tank  
  116  8:33  Marine  
  122  8:48  Supply Depot, SCV x2  
  124  8:50  Marauder x2, Marine x6  
  134  9:00  SCV  
  135  9:07  Marine x2, Hi-Sec Auto Tracking  
  135  9:08  Marine x4  
  141  9:10  Marine  
  141  9:13  Marine  
  143  9:25  Marine x3  
  143  9:26  Marine x3  
  143  9:28  Marine  
  143  10:06  Supply Depot  
  143  10:07  Supply Depot  
  143  10:08  Terran Infantry Armor Level 1  
  143  10:22  Command Center  
  143  10:23  Command Center  
  143  10:25  Engineering Bay  
  143  10:27  Armory  
  143  10:28  Marine, SCV x2  
  143  10:40  SCV x2  
  143  11:15  Terran Infantry Weapons Level 2  
  143  11:23  Barracks  
  143  11:24  Barracks  
  143  11:25  Barracks  
  143  11:37  SCV x2  
  143  11:41  Orbital Command  
  143  11:42  Orbital Command  
  143  11:47  Factory  
  143  11:49  SCV x2  
  143  11:53  Factory  
  143  11:57  Terran Vehicle Weapons Level 1  
  143  12:59  Factory Tech Lab x2  
  143  13:01  Barracks Tech Lab x2  
  143  13:02  Barracks Reactor  
  143  13:37  Supply Depot x2  
Show
View Real Time Build Order
Export as new Build Order

Relm Zerg 

Build Orders: Hatch First 

Get SALT Encoding   

  12  0:00  Drone  
  13  0:08  Drone  
  14  0:16  Extractor  
  14  0:17  Drone  
  15  0:39  Hatchery  
  14  0:45  Overlord  
  14  1:03  Spawning Pool  
  13  1:05  Drone  
  14  1:12  Drone x2  
  16  1:23  Extractor  
  15  1:27  Drone x2  
  17  2:02  Drone x3  
  17  2:03  Drone  
  17  2:07  Queen  
  17  2:08  Queen  
  25  2:22  Drone x3  
  28  2:24  Overlord  
  28  2:37  Overlord  
  28  2:38  Overlord  
  28  2:41  Metabolic Boost  
  28  2:56  Drone x4  
  28  2:57  Drone  
  33  3:09  Drone x2  
  35  3:12  Extractor  
  34  3:27  Queen x2  
  38  3:37  Drone x3  
  38  3:38  Drone  
  38  3:40  Drone  
  38  3:41  Drone x3  
  46  3:51  Drone  
  47  4:06  Extractor  
  46  4:10  Lair  
  46  4:12  Extractor  
  45  4:29  Drone x2  
  45  4:30  Drone  
  48  4:32  Drone x3  
  51  4:45  Evolution Chamber  
  51  4:48  Evolution Chamber  
  51  4:49  Drone x2  
  51  5:12  Spire  
  51  5:29  Spire  
  50  5:47  Zergling x4  
  50  5:48  Overlord  
  50  5:49  Overlord x6  
  52  6:31  Hatchery  
  51  6:40  Mutalisk  
  51  6:41  Mutalisk x12  
  77  6:51  Zerg Melee Weapons Level 1  
  77  6:57  Zerg Ground Armor Level 1  
  77  7:06  Zerg Flyer Weapons Level 1  
  77  7:18  Zergling x20  
  87  7:31  Zergling x12  
  93  8:00  Zergling x8  
  97  8:14  Zergling x16  
  81  8:57  Zergling x8  
  81  8:58  Zergling x4  
Tags
 
Add a new tag
Caveats
  • Supply blocks, unpowered buildings, or Contaminate may cause inaccurate times.
  • Supply counts are checked every 10 seconds.